 Dungeon Crawl Stone Soup version 0.23-a0-844-gdc03e01 (webtiles) character file.

203 tilp the Chiller (level 5, -1/35 HPs)
             Began as a Merfolk Ice Elementalist on Jan 26, 2019.
             Succumbed to an orc's poison
             ... on level 3 of the Dungeon.
             The game lasted 00:07:31 (3335 turns).

tilp the Chiller (Merfolk Ice Elementalist)         Turns: 3335, Time: 00:07:33

Health: -1/35      AC:  2    Str:  8    XL:     5   Next: 81%
Magic:  4/8        EV: 13    Int: 15    God:
Gold:   169        SH:  0    Dex: 15    Spells: 2/8 levels left

rFire    + . .     SeeInvis .   a - +0 short sword
rCold    + . .     Gourm    .   (no shield)
rNeg     . . .     Faith    .   j - +0 robe
rPois    .         Spirit   .   (no helmet)
rElec    .         Reflect  .   r - scarf {rC+ rF+}
rCorr    .         Harm     .   (no gloves)
MR       .....                  (no boots)
Stlth    ++........             (no amulet)
HPRegen  0.11/turn              (no ring)
MPRegen  0.11/turn              (no ring)

@: lethally poisoned (-1 -> -30)
A: change form in water, swift swim, stealthy swim
a: no special abilities


You were on level 3 of the Dungeon.
You were not hungry.

You visited 1 branch of the dungeon, and saw 3 of its levels.

You collected 169 gold pieces.

Inventory:

Hand Weapons
 a - a +0 short sword (weapon)
 b - a +0 hunting sling
 n - a +1 hunting sling of freezing
Missiles
 w - 39 stones (quivered)
Armour
 j - a +0 robe (worn)
 r - a scarf of resistance (worn)
Magical Staves
 f - an uncursed staff of power {unknown}
Jewellery
 k - an uncursed ring of protection from cold {unknown}
 v - an uncursed amulet of faith
Scrolls
 e - a scroll of identify
 i - a scroll of enchant armour {unknown}
 l - a scroll of enchant weapon {unknown}
 m - a scroll of teleportation {unknown}
 o - a scroll of remove curse {unknown}
 p - 2 scrolls of fear {unknown}
 q - a scroll of blinking {unknown}
 s - a scroll of immolation {unknown}
 u - a scroll of amnesia {unknown}
Potions
 d - a potion of flight
Comestibles
 c - 4 rations


   Skills:
 - Level 2.6 Dodging
 - Level 2.1 Stealth
 - Level 2.0 Spellcasting
 - Level 0.7 Conjurations
 + Level 6.9 Ice Magic


You had 2 spell levels left.
You knew the following spells:

 Your Spells              Type           Power        Failure   Level  Hunger
a - Freeze                Ice            ###.         1%          1    #......
b - Throw Frost           Conj/Ice       ##....       7%          2    ###....
c - Ozocubu's Armour      Chrm/Ice       ##......     16%         3    ###....

Your spell library contained the following spells:

 Spells                   Type           Power        Failure   Level  Hunger
 Throw Icicle             Conj/Ice       ##......     41%         4    #####..
 Summon Ice Beast         Ice/Summ       ##......     47%         4    #####..


Dungeon Overview and Level Annotations

Branches:
Dungeon (3/15)

Altars:
Gozag
Kikubaaqudgha
Trog
Vehumet

Annotations:
D:2 2 transporters


Message History

You feel sick.
The orc hits you from afar with a +1 trident of venom.
* * * LOW HITPOINT WARNING * * *
You are more poisoned.
The orc priest hits you with a +0 club.
* * * LOW HITPOINT WARNING * * *
Okay, then.
Casting: Freeze (safe; 1% risk of failure)
Confirm with . or Enter, or press ? or * to list all spells.
Aiming: Freeze (safe; 1% risk of failure)
Press: ? - help, Shift-Dir - straight line, f/p - orc priest
Aim: an orc priest, wielding a +0 club and wearing a +0 ring mail (almost dead)
You freeze the orc priest.
You kill the orc priest!
* * * LOW HITPOINT WARNING * * *
You feel sick. The orc misses you.
* * * LOW HITPOINT WARNING * * *
You feel very sick.
You feel magically purged.
You die...

.........# .# #..#
########.# .o ...# #.#
.#..(# #########.#
(.... ..........#
#..#.# ..........#
#####?.#(##.# #.
##..###.#.#
#.o..%.......####. #
#.#.## #)###..#.##...
... #....###@#
#..#.##.# #.
##.)#.##.# #.......#
#. ###.###.####.#.#
#####.
#.....)......####....#
###.....##.#..........
#..................###
###.....##..#...#..# #
##...###.###.###.# #
##.####..#...#..# #


You could see an orc.

Vanquished Creatures
  3 orc priests (D:3)
  4 adders
  2 oozes (D:2)
  4 worms
  2 dart slugs
  3 leopard geckos
  5 orcs (D:3)
  A ball python (D:3)
  4 giant cockroaches
  6 hobgoblins
  A quokka (D:2)
  5 bats
  2 frilled lizards
  A goblin (D:3)
  5 kobolds
  4 rats
52 creatures vanquished.

Vanquished Creatures (others)
  4 toadstools (D:1)
4 creatures vanquished.

Grand Total: 56 creatures vanquished

Notes
Turn   | Place    | Note
-------+----------+-------------------------------------------
     0 | D:1      | tilp the Merfolk Ice Elementalist began the quest for the
                  | Orb.
     0 | D:1      | Reached XP level 1. HP: 13/13 MP: 3/3
   424 | D:1      | Reached XP level 2. HP: 19/19 MP: 1/5
   553 | D:1      | Learned a level 2 spell: Throw Frost
   622 | D:1      | Reached skill level 4 in Ice Magic
  1327 | D:2      | Reached XP level 3. HP: 24/24 MP: 6/6
  1332 | D:2      | Learned a level 3 spell: Ozocubu's Armour
  1370 | D:2      | Found a bloodstained altar of Trog.
  1370 | D:2      | Found a transporter.
  1492 | D:2      | Reached skill level 5 in Ice Magic
  1703 | D:2      | Reached XP level 4. HP: 8/30 MP: 0/7
  2114 | D:2      | Found a transporter.
  2266 | D:2      | Found an ancient bone altar of Kikubaaqudgha.
  2266 | D:2      | Found an opulent altar of Gozag.
  2700 | D:3      | Reached skill level 6 in Ice Magic
  2713 | D:3      | Reached XP level 5. HP: 31/35 MP: 0/8
  2987 | D:3      | Found a radiant altar of Vehumet.
  3334 | D:3      | HP: 1/35 [poisoned by an orc]
  3335 | D:3      | Succumbed to an orc's poison

Vault maps used:
D:1:      ldierk_walled_garden_2, minmay_pentomino_q2
D:2:      gammafunk_temple_overflow_wave, gammafunk_temple_overflow_arena,
          kennysheep_generic_room_5
D:3:      grunt_temple_overflow_order_and_chaos_2, lemuel_round_altar,
          vehumet_crystals, serial_glass, glass_columns_a, glass_columns_c,
          glass_columns_a, glass_columns_b, glass_columns_a, first_ration

Skill      XL: |  1  2  3  4 |
---------------+-------------+-----
Ice Magic      | 4 5 6 |  6.9
Dodging        | |  2.6
Stealth        | |  2.1
Spellcasting   | |  2.0
Conjurations   | |  0.7

Action                   |  1- 3 |  4- 6 || total
-------------------------+-------+-------++-------
Melee: Short sword       |     8 |    19 ||    27
       Whip              |     2 |       ||     2
       Unarmed           |     1 |       ||     1
Throw: Stone             |       |     7 ||     7
 Cast: Freeze            |    40 |    51 ||    91
  Use: Scroll            |       |     2 ||     2
       Potion            |       |     1 ||     1
 Stab: Sleeping          |     4 |     6 ||    10
  Eat: Chunk             |     3 |     6 ||     9
Armor: Robe              |     1 |     4 ||     5
Dodge: Dodged            |    28 |    32 ||    60

Table legend:
 A = Non-vault XP
 B = Vault XP
 C = Vault XP percentage of total XP
 D = Non-vault monster count
 E = Vault monster count
 F = Vault count percentage of total count
                 A         B        C        D         E       F
            +---------+---------+-------+---------+---------+-------
      Total |     285 |       6 |   2.1 |      49 |       3 |   5.8
            +---------+---------+-------+---------+---------+-------
        D:1 |      19 |       4 |  17.4 |      11 |       2 |  15.4
        D:2 |      79 |       2 |   2.5 |      16 |       1 |   5.9
        D:3 |     187 |       0 |   0.0 |      22 |       0 |   0.0
            +---------+---------+-------+---------+---------+-------
